 Dungeon Crawl Stone Soup version 0.13.1-2-gfb2c2b7 (webtiles) character file.

253 Lilouch the Poker (level 4, -3/34 HPs)
             Began as a Demonspawn Chaos Knight on Dec 9, 2013.
             Was a Plaything of Xom.
             Killed by nerve-wracking pain
             ... invoked by Grinder
              (10 damage)
             ... while paralysed by Grinder
             ... on Level 3 of the Dungeon.
             The game lasted 00:06:02 (1600 turns).

Lilouch the Poker (Demonspawn Chaos Knight)         Turns: 1600, Time: 00:06:02

HP  -3/34        AC  7     Str 13      XL: 4   Next: 97%
MP   4/4         EV  2     Int 13      God: Xom
Gold 118         SH  0     Dex 13      Spells:  0 memorised,  3 levels left

Res.Fire  : . . .   See Invis. : .   a - +0 spear (chaos) {=f}
Res.Cold  : . . .   Warding    : .   b - +2 leather armour
Life Prot.: . . .   Conserve   : .   (no shield)
Res.Poison: .       Res.Corr.  : .   (no helmet)
Res.Elec. : .       Clarity    : .   (no cloak)
Sust.Abil.: . .     Spirit.Shd : .   (no gloves)
Res.Mut.  : .       Stasis     : .   (no boots)
Res.Rott. : .       Flight     : .   (no amulet)
Saprovore : . . .                    (no ring)
                                     g - +5 ring of evasion

@: paralysed, slightly resistant to hostile enchantments, very unstealthy
A: AC +2, SH +2
a: Renounce Religion


You were on level 3 of the Dungeon.
You worshipped Xom.
You were a very special plaything of Xom.
You were hungry.

You visited 1 branch of the dungeon, and saw 3 of its levels.

You collected 98 gold pieces.

Inventory:

Hand weapons
 a - a +0,+0 spear of chaos (weapon) {=f}
Missiles
 f - 42 bolts
 q - 19 poisoned needles
Armour
 b - a +2 leather armour (worn)
Comestibles
 c - 3 bread rations
 i - 2 meat rations
 k - a chunk of adder flesh
 p - a pear
Scrolls
 d - a scroll of remove curse {unknown}
 e - 2 scrolls of magic mapping {unknown}
 h - 4 scrolls of identify {unknown}
 l - 4 scrolls of enchant weapon I {unknown}
 m - a scroll of teleportation {unknown}
 s - a scroll of blinking {unknown}
 u - a scroll of curse armour {unknown}
 v - 2 scrolls of noise {unknown}
 y - a scroll of curse weapon {unknown}
Jewellery
 g - a +5 ring of evasion (left hand)
 x - an uncursed ring of sustenance {unknown}
Potions
 n - a potion of might {unknown}
 o - a potion of magic {unknown}
 r - a potion of brilliance {unknown}
 t - 2 potions of curing {unknown}
 w - a potion of heal wounds {unknown}
 z - a potion of speed {unknown}
Miscellaneous
 j - a plain deck of defence


   Skills:
 - Level 3.0 Fighting
 + Level 4.2 Polearms
 + Level 3.4 Armour
 - Level 0.8 Dodging


You had 3 spell levels left.
You didn't know any spells.

Dungeon Overview and Level Annotations

Branches:
Dungeon (3/27)

Altars:
Nemelex Xobeh

Annotations:
D:3 Grinder


Innate Abilities, Weirdness & Mutations

You are partially covered in large bone plates (AC +2, SH +2).


Message History

Orders for allies: a - Attack new target. r - Retreat! s - Stop attacking. w - Wait here. f - Follow me.
Anything else - Stay silent.
Gang up on whom?
Press: ? - help, Dir - move target cursor, f - Grinder
Aim: Grinder (moderately wounded) Attack!
Grinder hits you but does no damage.
Your rotting devil barely misses Grinder.
You swap places.
Grinder closely misses you.
Your rotting devil barely misses Grinder.
Your rotting devil hits Grinder.
Your rotting devil hits Grinder.
Grinder gestures at you.
You suddenly lose the ability to move!
Your rotting devil closely misses Grinder.
Grinder says, "I used to sell toe-nails on the black market."
Grinder gestures at you. Pain shoots through your body!
You die...

### #.# ###########.#
#.ยง45@.).(.(#
#.#########(##########
#..# #...........
....# #######..###
.....# #..# ......#
#..# .......# #..#
........# #####..#
......## #......#


You could see Grinder and a friendly rotting devil.

Vanquished Creatures
  Jessica (D:2)
  8 adders
  2 worms (D:2)
  3 giant geckos
  An ooze (D:3)
  3 giant cockroaches
  2 hobgoblins
  3 jackals (D:2)
  3 bats (D:2)
  A giant newt (D:1)
  7 goblins
  7 kobolds
  4 rats
45 creatures vanquished.

Vanquished Creatures (others)
  A worm (D:2)
1 creature vanquished.

Grand Total: 46 creatures vanquished

Notes
Turn   | Place    | Note
--------------------------------------------------------------
     0 | D:1      | Lilouch, the Demonspawn Chaos Knight, began the quest for the Orb.
     0 | D:1      | Reached XP level 1. HP: 16/16 MP: 1/1
    24 | D:1      | XOM: divination: detect creatures
   162 | D:1      | XOM: divination: magic mapping
   177 | D:1      | Gained mutation: You are partially covered in large bone plates (AC +2, SH +2). [demonic ancestry]
   177 | D:1      | Reached XP level 2. HP: 22/22 MP: 2/2
   218 | D:1      | XOM: harmless Chrm miscast
   236 | D:1      | XOM: harmless Ice miscast
   451 | D:1      | XOM: silly message
   490 | D:2      | Found a sparkling altar of Nemelex Xobeh.
   500 | D:2      | Reached XP level 3. HP: 19/28 MP: 3/3
   815 | D:2      | XOM: noise
  1012 | D:2      | Reached XP level 4. HP: 34/34 MP: 4/4
  1047 | D:2      | Noticed Jessica
  1058 | D:2      | XOM: divination: magic mapping
  1071 | D:2      | XOM: noise
  1090 | D:2      | Killed Jessica
  1090 | D:2      | Reached skill level 4 in Polearms
  1197 | D:2      | XOM: harmless Trmt miscast
  1583 | D:3      | Noticed Grinder
  1583 | D:3      | XOM: summons friendly rotting devil
  1589 | D:3      | Paralysed by Grinder for 4 turns
  1598 | D:3      | Paralysed by Grinder for 3 turns
  1600 | D:3      | Killed from afar by Grinder

Action                   |  1- 3 |  4- 6 || total
-------------------------+-------+-------++-------
Melee: Spear             |   141 |    74 ||   215
 Stab: Sleeping          |     1 |     1 ||     2
       Confused          |     1 |       ||     1
       Paralysed         |     1 |       ||     1
       Petrified         |       |     2 ||     2
